 Dungeon Crawl Stone Soup version 0.23-a0-677-g07611c5 (webtiles) character file.

391 Blackhawk the Skirmisher (level 7, 0/55 HPs)
             Began as a Formicid Abyssal Knight on Jan 9, 2019.
             Was a Believer of Lugonu.
             Slain by a crimson imp (3 damage)
             ... on level 4 of the Dungeon.
             The game lasted 00:05:27 (4711 turns).

Blackhawk the Skirmisher (Formicid Abyssal Knight)  Turns: 4711, Time: 00:05:28

Health: 0/55       AC:  3    Str: 18    XL:     7   Next: 8%
Magic:  10/10      EV: 15    Int: 12    God:    Lugonu [**....]
Gold:   146        SH:  0    Dex: 10    Spells: 6/6 levels left

rFire    . . .     SeeInvis +   a - +1 hand axe
rCold    . . .     Gourm    .   (no shield)
rNeg     . . .     Faith    .   b - +0 leather armour
rPois    .         Spirit   .   (helmet unavailable)
rElec    .         Reflect  .   (no cloak)
rCorr    .         Harm     .   (no gloves)
MR       .....                  (no boots)
Stlth    ++........             (no amulet)
HPRegen  0.18/turn              d - ring of stealth
MPRegen  0.12/turn              j - +3 ring of evasion

@: no status effects
A: permanent stasis, dig shafts and tunnels, four strong arms, antennae 3
a: Dig, Shaft Self, Depart the Abyss, Bend Space, Renounce Religion


You were on level 4 of the Dungeon.
You worshipped Lugonu.
Lugonu was pleased with you.
You were not hungry.

You visited 1 branch of the dungeon, and saw 4 of its levels.
You visited the Abyss 1 time.

You collected 146 gold pieces.

Inventory:

Hand Weapons
 a - a +1 hand axe (weapon)
Armour
 b - a +0 leather armour (worn)
Jewellery
 d - a ring of stealth (left hand)
 j - a +3 ring of evasion (right hand)
Wands
 g - a wand of iceblast (3)
Scrolls
 e - 2 scrolls of amnesia {unknown}
 f - 2 scrolls of remove curse {unknown}
 h - 3 scrolls of magic mapping {unknown}
 i - 2 scrolls of immolation {unknown}
 k - 4 scrolls of identify {unknown}
 o - a scroll of blinking {unknown}
 s - 3 scrolls of teleportation {unknown}
Potions
 l - a potion of ambrosia {unknown}
 m - 3 potions of degeneration {unknown}
 n - 2 potions of resistance {unknown}
 p - 2 potions of lignification {unknown}
 q - a potion of flight {unknown}
Comestibles
 c - 11 rations


   Skills:
 + Level 4.6 Fighting
 + Level 3.5 Axes
 + Level 3.8 Armour
 + Level 2.7 Dodging
 + Level 4.1 Invocations


You had 6 spell levels left.
You didn't know any spells.
Your spell library was empty.

Dungeon Overview and Level Annotations

Branches:
Dungeon (4/15)
 Temple: D:4-7

Altars:
Trog


Innate Abilities, Weirdness & Mutations

You cannot be hasted, slowed, berserked, paralysed or teleported.
You can dig through walls and to a lower floor.
Your four strong arms can wield two-handed weapons with a shield.
You have a pair of large antennae on your head. (SInv)


Message History

The iguana misses you.
You hit the iguana but do no damage.
The iguana is almost dead.
You closely miss the crimson imp.
You hit the crimson imp but do no damage.
The crimson imp closely misses you.
The crimson imp hits you but does no damage.
The iguana bites you!
* * * LOW HITPOINT WARNING * * *
The crimson imp misses you.
You hit the iguana.
You kill the iguana!
Lugonu accepts your kill.
You miss the crimson imp.
You hit the crimson imp but do no damage.
You closely miss the crimson imp. The crimson imp hits you.
* * * LOW HITPOINT WARNING * * *
The crimson imp closely misses you.
The crimson imp blinks!
The crimson imp hits you.
You die...

# #.# # { { #.# # .
##### #.# ..###
.... .# #.### .....
..# .# #...# ......
##.###.# ###.#
.#....# #...##.#
#.#
......)##.5.##.#
#.#
#.)@†.....#.#####.#
#.55§(....##......#
##........#.#####.#
#.#....##.## #.#
'..#....##.# #.#
{.#.##.#####.# #.#
# ## #.# #.# #.# {
... #.# #.# ##. ...
#.#


You could see 3 crimson imps.

Vanquished Creatures
  Sigmund (D:4)
  An iguana (D:4)
  A worker ant (D:4)
  3 gnolls
  7 adders
  An ooze (D:2)
  An adder skeleton (D:4)
  4 worms
  3 dart slugs
  6 leopard geckos
  3 orcs (D:4)
  2 giant cockroaches (D:3)
  5 goblins
  4 hobgoblins
  3 jackals (D:2)
  8 kobolds
  A quokka (D:4)
  A ball python (D:2)
  6 bats
  4 frilled lizards
  10 rats
75 creatures vanquished.

Notes
Turn   | Place    | Note
-------+----------+-------------------------------------------
     0 | Abyss:1  | Blackhawk the Formicid Abyssal Knight began the quest for
                  | the Orb.
     0 | Abyss:1  | Reached XP level 1. HP: 18/18 MP: 2/2
    53 | Abyss:2  | Noticed a small abomination
    85 | D:1      | Escaped the Abyss
    96 | D:1      | Reached skill level 1 in Dodging
   178 | D:1      | Reached * piety under Lugonu
   178 | D:1      | Reached XP level 2. HP: 24/24 MP: 3/3
   563 | D:1      | Reached XP level 3. HP: 29/29 MP: 4/4
  1202 | D:2      | Reached XP level 4. HP: 13/37 MP: 6/6
  2584 | D:3      | Reached XP level 5. HP: 38/42 MP: 7/7
  2620 | D:3      | Found a bloodstained altar of Trog.
  3219 | D:3      | Reached ** piety under Lugonu
  4007 | D:4      | Reached XP level 6. HP: 22/48 MP: 8/8
  4271 | D:4      | Noticed Sigmund
  4293 | D:4      | Killed Sigmund
  4704 | D:4      | Reached XP level 7. HP: 20/55 MP: 10/10
  4711 | D:4      | Slain by a crimson imp

Vault maps used:
D:1:      dpeg_arrival_round_b, minmay_pentomino_o4
D:2:      chequers_hall_statues_wall_a
D:3:      minmay_skewed_foursquare, kennysheep_cross_bottleneck, bloody_trog
D:4:      led_xom_imps, serial_shops, kennysheep_little_box,
          lemuel_statue_altar, uniq_sigmund

Skill      XL: |  1  2  3  4  5  6 |
---------------+-------------------+-----
Dodging        | 1 2 |  2.7
Invocations    | 3 4 |  4.1
Armour         | 3 |  3.8
Fighting       | 4 |  4.6
Axes           | 3 |  3.5

Action                   |  1- 3 |  4- 6 |  7- 9 || total
-------------------------+-------+-------+-------++-------
Melee: Hand axe          |    86 |   204 |     7 ||   297
Invok: Depart the Abyss  |     1 |       |       ||     1
 Stab: Sleeping          |     7 |     3 |       ||    10
  Eat: Chunk             |     1 |    11 |       ||    12
Armor: Leather armour    |    22 |    24 |     3 ||    49
Dodge: Dodged            |    50 |   159 |    16 ||   225

Table legend:
 A = Non-vault XP
 B = Vault XP
 C = Vault XP percentage of total XP
 D = Non-vault monster count
 E = Vault monster count
 F = Vault count percentage of total count
                 A         B        C        D         E       F
            +---------+---------+-------+---------+---------+-------
      Total |     310 |     249 |  44.5 |      64 |      11 |  14.7
            +---------+---------+-------+---------+---------+-------
        D:1 |      27 |       5 |  15.6 |      17 |       4 |  19.0
        D:2 |     120 |       0 |   0.0 |      27 |       0 |   0.0
        D:3 |      57 |      24 |  29.6 |      10 |       6 |  37.5
        D:4 |     106 |     220 |  67.5 |      10 |       1 |   9.1
            +---------+---------+-------+---------+---------+-------
